 Dungeon Crawl Stone Soup version 0.19.1 (webtiles) character file.

60 Dfrag the Firebug (level 3, 0/36 HPs)
             Began as a Demonspawn Fire Elementalist on Nov 29, 2016.
             Succumbed to an adder's poison
             ... on level 2 of the Dungeon.
             The game lasted 00:01:23 (896 turns).

Dfrag the Firebug (Demonspawn Fire Elementalist)     Turns: 896, Time: 00:01:23

Health: 0/36       AC: 21    Str:  8    XL:     3   Next: 82%
Magic:  0/7        EV:  2    Int: 19    God:
Gold:   76         SH:  0    Dex: 13    Spells: 1 memorised, 6 levels left

rFire  . . .     SeeInvis .     q - +2 dagger (venom)
rCold  . . .     Gourm    .     (armour currently unavailable)
rNeg   + + +     Faith    .     (no shield)
rPois  +         Spirit   +     (helmet currently unavailable)
rElec  .         Reflect  .     (cloak currently unavailable)
rCorr  .         Harm     .     (gloves currently unavailable)
MR     .....     Clarity  +     (boots currently unavailable)
Stlth  ++........ NoTele   +    (no amulet)
                                (no ring)
                                (no ring)

@: lethally poisoned (0 -> -9), tree-form
A: (claws 0), clarity, clever 1, magic shield, subdued magic 1
a: no special abilities


You were on level 2 of the Dungeon.
You were not hungry.
You were a tree.
You visited 1 branch of the dungeon, and saw 2 of its levels.

You collected 76 gold pieces.

Inventory:

Hand Weapons
 g - a +0 whip
 q - a +2 dagger of venom (weapon)
Armour
 a - a +0 robe
 r - a +2 robe (melded)
Scrolls
 d - a scroll of enchant armour {unknown}
 e - a scroll of amnesia {unknown}
 f - 6 scrolls of identify {unknown}
 h - a scroll of noise {unknown}
 l - 2 scrolls of recharging {unknown}
 m - 2 scrolls of remove curse {unknown}
 n - a scroll of fear {unknown}
 o - a scroll of enchant weapon {unknown}
 p - a scroll of teleportation {unknown}
Books
 b - a book of Flames

   Spells                             Type                      Level
   a - Flame Tongue                   Conjuration/Fire             1
   b - Throw Flame                    Conjuration/Fire             2
   c - Conjure Flame                  Conjuration/Fire             3
   d - Inner Flame                    Hexes/Fire                   3
   e - Sticky Flame                   Conjuration/Fire             4
   f - Fireball                       Conjuration/Fire             5
Comestibles
 c - a bread ration
 k - a meat ration


   Skills:
 - Level 1.7 Dodging
 - Level 1.7 Stealth
 + Level 2.8 Spellcasting
 + Level 2.2 Conjurations
 + Level 3.2 Fire Magic


You had 6 spell levels left.
You knew the following spells:

 Your Spells              Type           Power        Failure   Level  Hunger
a - Flame Tongue          Conj/Fire      ##...        6%          1    None


Dungeon Overview and Level Annotations

Branches:
Dungeon (2/15)

Altars:


Innate Abilities, Weirdness & Mutations

((You have sharp fingernails.))
When hurt, damage is shared between your health and your magic reserves.
You possess an exceptional clarity of mind.
Your mind is acute. (Int +2)
Your spells are a little easier to cast, but a little less powerful.


Message History

Aiming: Flame Tongue
Press: ? - help, Shift-Dir - straight line, f - jackal
Aim: a jackal The flame tongue misses the jackal.
* * * LOW HITPOINT WARNING * * *
You feel sick.
The jackal bites you but does no damage. x3
Unknown command.
Casting: Flame Tongue
Confirm with . or Enter, or press ? or * to list all spells.
You don't have enough magic to cast that spell.
Unknown command.
Unknown command.
You barely miss the jackal. The jackal bites you.
* * * LOW HITPOINT WARNING * * *
The jackal bites you but does no damage. x2
Unknown command.
You hit the jackal.
The jackal is poisoned.
The jackal is moderately wounded.
You die...

#. ........ ...# #..
#..... ...## .. ##.#†#
.....# ##.. #.
#....######....##....
###.##...###..............
#........###.............
..#........g##.....).....#
#......)..#h#............#
#.#.......#♣............#
$........†h............##
..#.......##...........# .
#..........#....)....####
####....................##
..........#.....####.....
.......#..>........†......
.................####.....
.......####...##.# ####


You could see 2 jackals and a hobgoblin.

Vanquished Creatures
  Jessica (D:2)
  An adder (D:2)
  A leopard gecko (D:1)
  A giant cockroach (D:1)
  3 hobgoblins
  A jackal (D:2)
  2 kobolds
  A ball python (D:2)
  3 bats (D:1)
  4 frilled lizards
  6 goblins
  2 rats (D:1)
26 creatures vanquished.

Notes
Turn   | Place    | Note
-------+----------+-------------------------------------------
     0 | D:1      | Dfrag the Demonspawn Fire Elementalist began the quest for the Orb.
     0 | D:1      | Reached XP level 1. HP: 13/13 MP: 3/3
   266 | D:1      | Gained mutation: You have sharp fingernails. [demonic ancestry]
   266 | D:1      | Reached XP level 2. HP: 11/19 MP: 5/5
   750 | D:2      | Noticed Jessica
   815 | D:2      | Killed Jessica
   815 | D:2      | Reached skill level 3 in Fire Magic
   815 | D:2      | Gained mutation: When hurt, damage is shared between your health and your magic reserves. [demonic ancestry]
   815 | D:2      | Reached XP level 3. HP: 13/24 MP: 4/7
   892 | D:2      | Gained mutation: You possess an exceptional clarity of mind. [potion of mutation]
   892 | D:2      | Gained mutation: Your spells are a little easier to cast, but a little less powerful. [potion of mutation]
   892 | D:2      | Gained mutation: Your mind is acute. (Int +2) [potion of mutation]
   895 | D:2      | HP: 1/36 [jackal (2)]
   896 | D:2      | Succumbed to an adder's poison

Skill      XL: |  1  2 |
---------------+-------+-----
Conjurations   | 2 |  2.2
Fire Magic     | 3 |  3.2
Dodging        | |  1.7
Stealth        | |  1.7
Spellcasting   | |  2.8

Action                   || total
-------------------------++-------
Melee: Whip              ||    91
       Dagger            ||    14
 Cast: Flame Tongue      ||    11
  Use: Potion            ||     3
 Stab: Sleeping          ||     2
Armor: Robe              ||    41
       Skin              ||     9
Dodge: Dodged            ||    92
